Map: Acropolis LE

Players

Mez

  • Race: Terran Terran
  • League: Master
  • Spawn Location: 5:00

A.I. 1 (Very Easy) - Winner!

  • Race: Protoss Protoss
  • Spawn Location: 11:00

VOD

Have the link to the VOD?

Description

Time

  • Played on: Aug. 9, 2019, 6:28 p.m.
  • Length: 9:42
Show
View Real Time Build Order
Export as new Build Order

Mez Terran 

Build Orders: Reaper Expand 

Get SALT Encoding   

  12  0:01  SCV  
  13  0:14  SCV  
  14  0:18  Supply Depot  
  14  0:26  SCV  
  15  0:39  SCV  
  15  0:41  Barracks  
  16  0:45  Refinery  
  16  0:51  SCV  
  18  1:04  SCV  
  18  1:17  SCV  
  19  1:29  Reaper  
  19  1:30  Orbital Command  
  20  1:40  Command Center  
  20  1:50  Barracks  
  20  1:55  SCV  
  21  2:02  Barracks Reactor  
  21  2:06  Barracks  
  21  2:10  SCV  
  21  2:13  Supply Depot  
  22  2:22  SCV  
  23  2:37  Barracks Tech Lab  
  23  2:39  SCV  
  23  2:41  Marine x2  
  26  2:51  SCV  
  27  2:52  Orbital Command  
  27  2:54  Marine  
  27  2:56  Concussive Shells, Marauder  
  30  2:59  Marine x2  
  30  3:03  SCV  
  33  3:12  Marine  
  34  3:15  SCV  
  34  3:17  Marine x2, Supply Depot  
  34  3:18  Marauder  
  34  3:19  SCV  
  40  3:27  SCV  
  40  3:30  Marine  
  40  3:31  SCV  
  43  3:34  Marine  
  43  3:35  Marine  
  43  3:39  SCV, Marine  
  43  3:41  Supply Depot  
  47  3:43  SCV  
  48  3:49  Stimpack  
  48  3:50  Marine  
  48  3:51  SCV  
  48  3:55  SCV, Marine x2  
  53  4:04  Command Center  
  53  4:06  SCV  
  53  4:08  SCV  
  53  4:09  Marine  
  56  4:12  Supply Depot  
  56  4:18  Factory, SCV  
  56  4:20  SCV  
  56  4:22  Refinery  
  58  4:26  Refinery  
  58  4:27  Marine x2  
  58  4:30  Marine, Barracks Tech Lab  
  61  4:33  SCV  
  61  4:34  SCV  
  63  4:39  Supply Depot  
  63  4:45  SCV  
  63  4:46  SCV  
  63  4:49  Marine  
  63  4:50  Marine  
  63  4:51  Marine x2  
  69  4:57  SCV  
  70  5:01  SCV  
  70  5:02  Starport, Factory Reactor  
  71  5:07  Engineering Bay x2  
  71  5:10  SCV  
  71  5:13  SCV  
  71  5:14  Refinery, Combat Shield  
  73  5:17  Orbital Command  
  73  5:22  SCV, Marauder x2  
  73  5:26  Supply Depot  
  73  5:27  Marine x2  
  80  5:45  Barracks  
  80  5:46  Medivac x2  
  80  5:47  Barracks, Orbital Command  
  85  5:50  SCV x2  
  85  5:55  Marine x4  
  90  5:57  Supply Depot  
  90  5:59  Supply Depot  
  90  6:05  Terran Infantry Armor Level 1, Terran Infantry Weapons Level 1, Factory Reactor  
  90  6:07  SCV x2  
  92  6:14  SCV  
  93  6:19  SCV, Medivac  
  93  6:22  Marine x2, Medivac  
  93  6:23  Marine  
  93  6:25  SCV  
  102  6:26  SCV  
  102  6:31  Refinery, SCV, Marauder  
  106  6:35  Barracks Tech Lab  
  106  6:36  Barracks Reactor  
  106  6:37  SCV  
  106  6:38  SCV  
  106  6:39  Supply Depot x2  
  108  6:45  Widow Mine x2, Marine  
  108  6:46  Marine, Marauder  
  116  6:50  SCV  
  117  6:58  Refinery  
  117  7:01  SCV x2, Armory, Marauder  
  121  7:02  SCV  
  122  7:10  Marine x2, Marauder x2  
  122  7:12  Widow Mine x2  
  132  7:19  Supply Depot x2  
  132  7:21  Marine, Medivac x2, Supply Depot  
  132  7:22  Marine, Marauder  
  140  7:25  SCV  
  141  7:40  SCV x3, Marine x3, Marauder  
  141  7:41  Widow Mine x2, Marauder  
  155  7:44  Supply Depot  
  155  7:45  Supply Depot  
  155  7:48  Supply Depot  
  155  7:50  Marine  
  155  7:51  Marauder  
  158  7:52  SCV x2  
  158  7:53  Medivac x2  
  158  7:58  Marine  
  165  8:06  Marauder  
  165  8:08  Marine x3, Marauder  
  172  8:22  Command Center  
  172  8:26  Medivac  
  172  8:27  Ghost Academy, Medivac  
  174  8:28  Supply Depot x2  
  174  8:31  Marauder  
  174  8:32  Marauder  
  174  8:34  Marauder  
  182  8:36  Marine x3  
  182  8:37  Marine  
  186  8:44  Starport  
  186  8:57  Supply Depot  
  186  8:58  Ghost x3  
  186  8:59  Marine  
  186  9:00  Marine x3  
  196  9:16  Barracks  
  196  9:17  Marine, Barracks x2  
  199  9:32  Starport Tech Lab  
  199  9:36  Fusion Core  
Show
View Real Time Build Order
Export as new Build Order

A.I. 1 (Very Easy) Protoss - Winner!

Build Orders:  

Get SALT Encoding   

  12  0:00  Probe  
  13  0:13  Probe  
  14  0:19  Pylon  
  14  0:37  Assimilator  
  14  0:43  Gateway  
  14  0:45  Pylon  
  14  1:13  Assimilator  
  14  1:22  Probe  
  14  1:23  Zealot  
  14  1:30  Probe  
  17  1:34  Cybernetics Core  
  18  1:40  Probe  
  19  1:52  Probe  
  20  1:59  Warp Gate  
  20  2:01  Probe  
  21  2:09  Probe  
  22  2:47  Stalker  
  24  6:46  Probe  
  24  7:21  Probe  
  24  7:26  Adept  
  24  7:27  Pylon  
  24  7:28  Robotics Facility  
  24  7:29  Probe  
  27  7:33  Nexus  
  28  7:37  Probe  
  29  7:45  Probe  
  25  8:17  Observer  
  26  8:25  Stalker  
  28  8:33  Observer  
  29  8:46  Probe  
  30  8:53  Probe  
  31  8:56  Assimilator  
  31  9:00  Assimilator, Probe  
  32  9:08  Probe  
  33  9:15  Probe  
  34  9:21  Probe  
  34  9:23  Zealot  
  37  9:29  Probe  
Tags
 
Add a new tag
Caveats
  • Supply blocks, unpowered buildings, or Contaminate may cause inaccurate times.
  • Supply counts are checked every 10 seconds.